 Dungeon Crawl Stone Soup version 0.28-a0-706-gf6f64a616a (webtiles) character file.

Game seed: 1194375444521859830

1197 Demosthentine the Spear-Bearer (level 8, -2/64 HPs)
             Began as a Merfolk Gladiator on Oct 25, 2021.
             Was an Initiate of Elyvilon.
             Slain by a black bear (6 damage)
             ... on level 5 of the Dungeon.
             The game lasted 00:04:47 (6812 turns).

Demosthentine the Spear-Bearer (Merfolk Gladiator)  Turns: 6812, Time: 00:04:48

Health: -2/64      AC:  6    Str: 16    XL:     8   Next: 44%
Magic:  8/8        EV: 15    Int:  7    God:    Elyvilon [......]
Gold:   435        SH:  0    Dex: 16    Spells: 7/7 levels left

rFire   . . .      SeeInvis .   n - +0 spear
rCold   . . .      Faith    .   (no shield)
rNeg    . . .      Spirit   .   b - +0 leather armour
rPois   .          Reflect  .   c - +1 helmet
rElec   .          Harm     .   (no cloak)
rCorr   .          Rampage  .   m - +0 pair of gloves
Will    .....                   (no boots)
Stlth   +.........              (no amulet)
HPRegen 0.20/turn               (no ring)
MPRegen 0.11/turn               (no ring)

@: no status effects
A: (nimble swimmer 2), mertail
a: Renounce Religion


You were on level 5 of the Dungeon.
You worshipped Elyvilon.
Elyvilon was noncommittal.
You visited 2 branches of the dungeon, and saw 7 of its levels.

You collected 471 gold pieces.
You spent 36 gold pieces at shops.

Inventory:

Hand Weapons
 n - a +0 spear (weapon)
Missiles
 d - a throwing net (quivered)
Armour
 b - a +0 leather armour (worn)
 c - a +1 helmet (worn)
 m - a +0 pair of gloves (worn)
Wands
 e - a wand of acid (6)
 f - a wand of iceblast (10)
 g - a wand of digging (6)
 j - a wand of flame (9)
Scrolls
 p - a scroll of enchant armour
Potions
 a - a potion of flight {unknown}
 h - a potion of cancellation
 i - a potion of lignification {unknown}
 k - a potion of attraction {unknown}
 l - 3 potions of brilliance {unknown}
 q - 2 potions of invisibility {unknown}


   Skills:
 + Level 5.7 Fighting
 + Level 8.2 Polearms
 - Level 2.0 Throwing
 + Level 3.5 Armour
 + Level 7.5 Dodging


You had 7 spell levels left.
You didn't know any spells.
Your spell library contained the following spells:

 Spells                   Type           Power      Damage    Failure   Level
 Static Discharge         Conj/Air       0%         N/A       63%         2
 Dispel Undead            Necr           0%         3d6       99%         4
 Sticky Flame             Conj/Fire      0%         2d3       99%         4


Dungeon Overview and Level Annotations

Branches:
Dungeon (6/15)             Temple (1/1) D:5

Altars:
Ashenzari
Cheibriados
Dithmenos
Elyvilon
Fedhas
Gozag
Hepliaklqana
Makhleb
Nemelex Xobeh
Okawaru
Qazlal
Ru
Sif Muna
Trog
Uskayaw
Vehumet
Wu Jian
Xom
Yredelemnul
Zin

Shops:
D:2 (


Innate Abilities, Weirdness & Mutations

((You are quick and stealthy near water. (Stealth+, EV+, Speed+++)))
Your lower body shifts to a powerful aquatic tail in water.


Message History

You hit the black bear but do no damage.
The black bear is almost dead.
The black bear misses you. The black bear claws you. x2
You closely miss the black bear.
The black bear is almost dead.
The black bear misses you. The black bear claws you.
* * * LOW HITPOINT WARNING * * *
The black bear claws you but does no damage.
You hit the black bear.
The black bear is almost dead.
The black bear closely misses you. The black bear misses you. x2
The black bear barely misses you.
The black bear claws you but does no damage.
The black bear closely misses you.
You hit the black bear but do no damage.
The black bear is almost dead.
The black bear barely misses you. The black bear claws you.
* * * LOW HITPOINT WARNING * * *
The black bear barely misses you.
You hit the black bear but do no damage.
The black bear is almost dead.
The black bear barely misses you. x2; The black bear claws you.
* * * LOW HITPOINT WARNING * * *
You hit the black bear.
The black bear is almost dead.
The black bear misses you.
The black bear claws you but does no damage.
The black bear barely misses you.
You hit the black bear but do no damage.
The black bear is almost dead.
The black bear bites you!
* * * LOW HITPOINT WARNING * * *
The black bear barely misses you. The black bear claws you.
* * * LOW HITPOINT WARNING * * *
You hit the black bear.
The black bear is almost dead.
The black bear bites you! Elyvilon protects you from harm!
The black bear claws you.
You die...

#
#.)............#
#....###.....#.#
#....# #.......#
### #.<..#
#.....### ..#
#....# #.....#
#.# #....#
#.....# #.#
#....# #.....#
#.# ###.##
#...h.# #.# #.#
#...@.# #.# #.#
#.....# #.# #.#
#######
#.######.#
#........#
##########


You could see a black bear (berserk).

Vanquished Creatures
  2 sky beasts
  A black bear (D:5)
  4 ogres
  2 necrophages
  2 scorpions
  A centaur zombie (D:5)
  A hound (D:5)
  An iguana (D:5)
  An orc wizard (D:4)
  A scorpion zombie (D:5)
  An adder (D:4)
  A shadow imp (D:4)
  2 ufetubi
  3 worms
  3 dart slugs
  8 orcs (D:4)
  6 ball pythons
  4 bats
  5 endoplasms
  3 giant cockroaches
  14 goblins
  6 hobgoblins
  8 jackals (D:1)
  3 quokkas
  2 frilled lizards (D:3)
  6 kobolds
  3 rats
94 creatures vanquished.

Vanquished Creatures (others)
  An orc wizard (D:4)
  4 toadstools (D:1)
5 creatures vanquished.

Grand Total: 99 creatures vanquished

Notes
Turn   | Place    | Note
-------+----------+-------------------------------------------
     0 | D:1      | Demosthentine the Merfolk Gladiator began the quest for the
                  | Orb.
     0 | D:1      | Reached XP level 1. HP: 16/16 MP: 1/1
     4 | D:1      | Found a faded altar of an unknown god.
   243 | D:1      | Reached XP level 2. HP: 23/23 MP: 2/2
   653 | D:1      | Reached XP level 3. HP: 28/28 MP: 3/3
  1335 | D:2      | Found Moelal's Weapon Boutique.
  1404 | D:2      | Reached skill level 5 in Polearms
  1404 | D:2      | Reached skill level 1 in Armour
  2225 | D:3      | Reached XP level 4. HP: 35/35 MP: 4/4
  2382 | D:3      | Found a broken altar of Ashenzari.
  2382 | D:3      | Found a stormy altar of Qazlal.
  2867 | D:4      | Noticed an ogre
  2869 | D:4      | Noticed a necrophage
  2888 | D:4      | Killed an ogre
  2889 | D:4      | Reached skill level 5 in Dodging
  2889 | D:4      | Reached XP level 5. HP: 31/41 MP: 5/5
  2904 | D:4      | Killed a necrophage
  2905 | D:4      | Reached skill level 6 in Polearms
  2905 | D:4      | Reached XP level 6. HP: 10/48 MP: 6/6
  3375 | D:4      | Noticed a sky beast
  3411 | D:4      | Killed a sky beast
  3728 | D:4      | Reached XP level 7. HP: 36/55 MP: 7/7
  3985 | D:4      | Reached skill level 7 in Polearms
  4697 | D:5      | Entered Level 5 of the Dungeon
  4726 | D:5      | Found an iron altar of Okawaru.
  4726 | D:5      | Found a radiant altar of Vehumet.
  4726 | D:5      | Found a hazy altar of Hepliaklqana.
  4726 | D:5      | Found a white marble altar of Elyvilon.
  4729 | D:5      | Found a shimmering altar of Xom.
  4824 | D:2      | Bought a +0 spear for 36 gold pieces
  4910 | D:5      | Became a worshipper of Elyvilon the Healer
  4978 | D:5      | Reached skill level 5 in Fighting
  5251 | D:5      | Reached XP level 8. HP: 30/62 MP: 8/8
  5841 | D:5      | Found a shadowy altar of Dithmenos.
  6013 | D:5      | Reached skill level 8 in Polearms
  6056 | D:5      | Found a staircase to the Ecumenical Temple.
  6392 | Temple   | Entered the Ecumenical Temple
  6812 | D:5      | Elyvilon protects you from harm!
  6812 | D:5      | Slain by a black bear

Illustrated notes

Levels and vault maps discovered:
D:1:      scummos_arrival_star, layout_basic, basic_ecumenical_altar,
          minmay_strange_pillars, minmay_gold_behind_fungi, hex_large
D:2:      kennysheep_the_goblin_king, layout_loops_corners, serial_shops,
          nicolae_shop_trees
D:3:      layout_basic, grunt_temple_overflow_open
D:4:      layout_layer_cave, due_unseen_surprise
D:5:      layout_basic, minitemple, lemuel_coloured_pillars_altar,
          minmay_temple_entry_junction_2, nrook_campfire
D:6:      layout_basic, ebering_ghost_xom, kennysheep_generic_room_16
Temple:   minmay_temple_bridge_abc

Skill      XL: |  1  2  3  4  5  6  7  8 |
---------------+-------------------------+-----
Polearms       | 5 6 7 8 |  8.2
Armour         | 1 2 3 |  3.5
Fighting       | 3 4 5 |  5.7
Dodging        | 5 6 7 |  7.5
Throwing       | |  2.0

Action                   |  1- 3 |  4- 6 |  7- 9 || total
-------------------------+-------+-------+-------++-------
Melee: Trident           |   115 |   112 |    50 ||   277
       Spear             |       |       |   207 ||   207
Throw: Throwing net      |       |       |     2 ||     2
Evoke: Wand              |       |     1 |       ||     1
  Use: Scroll            |     3 |     1 |     4 ||     8
       Potion            |       |       |     1 ||     1
 Stab: Distracted        |       |       |     1 ||     1
       Held in net/web   |       |       |     2 ||     2
       Sleeping          |       |       |     1 ||     1
Armor: Leather armour    |    26 |    11 |    61 ||    98
Dodge: Dodged            |    45 |    58 |   173 ||   276

Table legend: (Time is in decaauts)
 A = Elapsed time spent in this place.
 B = Non-inter-level travel time spent in this place.
 C = Inter-level travel time spent in this place.
 D = Time resting spent in this place.
 E = Time spent auto-exploring this place.
 F = Levels seen in this place.
 G = Mean time per level.
                   A        B        C        D        E       F      G
               +--------+--------+--------+--------+--------+-----+--------+
         Total |   6717 |   6282 |    435 |    372 |   5058 |   7 |  959.6 |
       Dungeon |   6601 |   6167 |    434 |    372 |   4970 |   6 | 1100.2 |
        Temple |    116 |    116 |      0 |      0 |     88 |   1 |  116.0 |
               +--------+--------+--------+--------+--------+-----+--------+

Top non-repeatable levels by time:
     D:4: 1948 daAuts
     D:5: 1780 daAuts
     D:2: 1125 daAuts
     D:1: 1090 daAuts
     D:3: 644 daAuts
  Temple: 116 daAuts
     D:6: 12 daAuts
